[Event "Titled Tuesday Blitz April 4 Late 2023"]
[White "Gubajdullin, Alexei"]
[Black "EREBUNI91"]
[WhiteFideId "4141202"]
[WhiteElo "2279"]
[BlackElo "2654"]
[Result "0-1"]
[Round "05"]
[TimeControl "180+2"]
[Date "2023.04.04"]
[WhiteClock "0:00:04"]
[BlackClock "0:00:24"]

1. d4 Nf6 2. Nf3 e6 3. Bf4 b6 4. e3 Bb7 5. h3 Be7 6. Be2 O-O 7. O-O d5 8. a4 a6 9. a5 b5 10. Nbd2 Nbd7 11. Nb3 c5 12. dxc5 Nxc5 13. Nxc5 Bxc5 14. Be5 Rc8 15. c3 Qe7 16. Bd4 Rfd8 17. Ne5 Nd7 18. Nxd7 Rxd7 19. f4 f6 20. Bd3 Re8 21. Qh5 g6 22. Qh4 Rf8 23. g4 Bd6 24. Qh6 e5 25. fxe5 fxe5 26. Rxf8+ Qxf8 27. Qxf8+ Kxf8 28. Rf1+ Rf7 29. Bb6 Bc8 30. Rxf7+ Kxf7 31. Kg2 Be7 32. Be2 Be6 33. Bf3 Kf6 34. h4 Kg7 35. g5 h6 36. Bc7 e4 37. Be5+ Kh7 38. Be2 hxg5 39. hxg5 Bxg5 40. Bf4 Bd8 41. Kg3 Bxa5 42. Be5 g5 43. Bd4 Kg6 44. Bg4 Bc7+ 45. Kh3 Bf5 46. b4 a5 47. bxa5 Bxa5 48. Kg3 Bc7+ 49. Kh3 Bd6 50. Bb6 Be5 51. Ba5 Kf6 52. Bb4 Ke6 53. Ba5 Bf6 54. Bb4 Bd8 55. Kg3 Bb6 56. Bxf5+ Kxf5 57. Kf2 g4 58. Bd6 Bd8 59. Ke2 Bf6 60. Bb4 Be5 61. Kf2 Kg5 62. Kg2 Kf5 63. Ba5 Ke6 64. Bb4 Kd7 65. Ba5 Kc6 66. Bb4 Bd6 67. Ba5 Kc5 68. Bb4+ Kc6 69. Ba5 Be5 70. Kf2 Kc5 71. Ke2 Kc4 72. Kd2 g3 73. Ke2 Bxc3 74. Bc7 b4 75. Bxg3 b3 76. Kd1 Kd3 77. Kc1 Kxe3 78. Kb1 Kd3 79. Bh4 d4 80. Bg3 e3 81. Bh4 e2 82. Bg3 e1=Q+ 83. Bxe1 Bxe1 84. Kb2 Ke2 85. Kxb3 d3 86. Kc4 d2 87. Kd5 d1=Q+ 88. Ke4 Qd3+ 89. Ke5 Bc3+ 90. Ke6 Qe4+ 91. Kd6 Kd3 92. Kc5 Qf5+ 93. Kb6 Kc4 94. Ka7 Qb5 95. Ka8 Kc5 96. Ka7 Kc6 97. Ka8 Qb7# 0-1


[Site "https://www.chess.com"]

[Event "Titled Tuesday Blitz April 4 Late 2023"]
[White "Perske, Thore"]
[Black "Erzhanov, Arman"]
[WhiteFideId "12902195"]
[BlackFideId "4138821"]
[WhiteElo "2336"]
[BlackElo "2138"]
[Result "1/2-1/2"]
[Round "05"]
[TimeControl "180+2"]
[Date "2023.04.04"]
[WhiteClock "0:00:07"]
[BlackClock "0:00:11"]

1. d4 d6 2. g3 e5 3. dxe5 dxe5 4. Qxd8+ Kxd8 5. Bg2 c6 6. f4 Nd7 7. Nf3 Bd6 8. O-O f6 9. Rd1 Kc7 10. Nc3 Bc5+ 11. Kh1 Nh6 12. fxe5 Nxe5 13. Bxh6 gxh6 14. Ne4 Be7 15. b3 Ng4 16. h3 Ne3 17. Rd2 f5 18. Nf2 Rg8 19. Nd1 Nxg2 20. Kxg2 Bd6 21. Rxd6 Kxd6 22. Nf2 f4 23. g4 h5 24. g5 h6 25. h4 Bg4 26. Ne4+ Kc7 27. Nf6 Bxf3+ 28. Kxf3 Rg6 29. Nxh5 hxg5 30. hxg5 Rxg5 31. Nxf4 Rf8 32. e3 Re8 33. Rh1 Rg7 34. Rh3 Rge7 35. Ke2 a5 36. a4 Kb6 37. Kd3 Rd7+ 38. Kc3 Re4 39. Ne2 Rde7 40. Kd3 R4e5 41. Nd4 Kc5 42. Ne2 Kb4 43. Nd4 Ka3 44. Ne2 b5 45. axb5 cxb5 46. Nd4 a4 47. bxa4 bxa4 48. Nc6 Rd7+ 49. Kc4 Re4+ 50. Nd4 Rc7+ 51. Kd3 Re8 52. c4 Kb2 53. Rh2+ Kb1 54. Rh1+ Kb2 55. Rh2+ Ka1 56. Rh1+ Ka2 57. Rh2+ Kb1 58. Rh1+ Kb2 59. Rh2+ 1/2-1/2


[Site "https://www.chess.com"]

[Event "Titled Tuesday Blitz April 4 Late 2023"]
[White "Meunier-Pion, Jean"]
[Black "Srinath, Rao S.V."]
[WhiteFideId "20685327"]
[BlackFideId "5028876"]
[WhiteElo "2124"]
[BlackElo "2196"]
[Result "0-1"]
[Round "05"]
[TimeControl "180+2"]
[Date "2023.04.04"]
[WhiteClock "0:00:09"]
[BlackClock "0:00:13"]

1. e4 e5 2. Nf3 Nc6 3. Bb5 Nf6 4. d3 Bc5 5. O-O d6 6. c3 Bg4 7. d4 Bxf3 8. gxf3 exd4 9. cxd4 Bb4 10. a3 Ba5 11. b4 Bb6 12. d5 a6 13. Ba4 O-O 14. dxc6 bxc6 15. Bxc6 Rb8 16. Bg5 h6 17. Be3 Nh5 18. Kh1 Qh4 19. Rg1 Bxe3 20. fxe3 Qf2 21. Nc3 Qxe3 22. Nd5 Qf2 23. Qf1 Qd4 24. Rd1 Qe5 25. Qh3 Kh8 26. Rg4 Nf6 27. Nxf6 Qxf6 28. Rdg1 Rb6 29. Bd5 c6 30. Bc4 Rg8 31. Qg3 c5 32. Rf4 Qe5 33. Bxf7 Rf8 34. bxc5 dxc5 35. Rf5 Qd4 36. Rd5 Qf6 37. Bh5 c4 38. Rf5 Qe7 39. Qe5 Qxe5 40. Rxe5 Rc6 41. Rc1 c3 42. Rd5 Rb8 43. Rc2 g6 44. Bxg6 Rxg6 45. h4 Rb1+ 46. Kh2 Rb2 47. Rd8+ Kg7 48. Rd7+ Kf8 49. Rg2 Rgxg2+ 50. Kh3 Rh2+ 51. Kg4 Rbg2+ 52. Kf5 c2 53. Kf6 Ke8 54. Re7+ Kd8 55. Ke6 c1=Q 56. Ra7 Qc6+ 57. Ke5 Qc5+ 58. Kf4 Qxa7 59. h5 Qf7+ 60. Ke3 Rg3 61. e5 Rxf3+ 62. Kd4 Rh4+ 63. Kc5 Qc7+ 64. Kd5 Ke7 65. a4 Rd3# 0-1


[Site "https://www.chess.com"]

[Event "Titled Tuesday Blitz April 4 Late 2023"]
[White "Becerra, Juan David"]
[Black "Dubov, Daniil"]
[WhiteFideId "4404998"]
[BlackFideId "24126055"]
[WhiteElo "2276"]
[BlackElo "2802"]
[Result "1-0"]
[Round "05"]
[TimeControl "180+2"]
[Date "2023.04.04"]
[WhiteClock "0:00:10"]
[BlackClock "0:00:02"]

1. e4 c5 2. d4 cxd4 3. c3 e5 4. cxd4 exd4 5. Nf3 Nc6 6. Nxd4 Nf6 7. Nxc6 dxc6 8. Qxd8+ Kxd8 9. Bg5 h6 10. Bxf6+ gxf6 11. Nc3 Be6 12. Be2 Bc5 13. O-O Ke7 14. Rfd1 Rhd8 15. h3 Rxd1+ 16. Rxd1 Rd8 17. Rxd8 Kxd8 18. Bg4 Bc4 19. Be2 Be6 20. Bg4 Bd4 21. Bxe6 fxe6 22. Kf1 Ke7 23. g3 Kd6 24. f4 Kc5 25. Nd1 Kb4 26. Ke2 c5 27. Kd3 b5 28. g4 Bg1 29. e5 fxe5 30. f5 c4+ 31. Ke4 exf5+ 32. gxf5 Bc5 33. Kxe5 Bf8 34. f6 Kc5 35. a3 a5 36. Nc3 b4 37. Ne4+ Kc6 38. a4 b3 39. Kd4 Kd7 40. Kxc4 Ke6 41. Kxb3 Ke5 42. Nd2 Kxf6 43. Nc4 Bb4 44. Ne3 Kg5 45. Kc4 h5 46. Nd5 Be1 47. b4 axb4 48. Nxb4 Kh4 49. a5 1-0


[Site "https://www.chess.com"]

[Event "Titled Tuesday Blitz April 4 Late 2023"]
[White "Pires, Marcos Vinicius Torsani"]
[Black "Pakleza, Zbigniew"]
[WhiteFideId "2118939"]
[BlackFideId "1119290"]
[WhiteElo "2273"]
[BlackElo "2410"]
[Result "0-1"]
[Round "05"]
[TimeControl "180+2"]
[Date "2023.04.04"]
[WhiteClock "0:01:06"]
[BlackClock "0:00:07"]

1. d4 d6 2. Bf4 Nc6 3. e3 e5 4. Bg3 Nh6 5. Nf3 Nf5 6. dxe5 Nxg3 7. hxg3 Nxe5 8. Nxe5 dxe5 9. Qxd8+ Kxd8 10. Nd2 Be6 11. Bc4 Ke7 12. Bxe6 Kxe6 13. O-O-O Be7 14. Nc4 h5 15. Rd2 Rad8 16. Rxd8 Bxd8 17. Na5 b6 18. Nc6 Bf6 19. Nxa7 e4 20. Nb5 c6 21. Nd4+ Bxd4 22. exd4 Kd5 23. c3 g6 24. Kd2 Ra8 25. a3 b5 26. Kc2 f5 27. Re1 Rh8 28. Rh1 Rf8 29. Kd2 Kc4 30. Kc2 f4 31. b3+ Kd5 32. gxf4 Rxf4 33. Rf1 Rg4 34. g3 e3 35. fxe3 Rxg3 36. Kd3 h4 37. c4+ bxc4+ 38. bxc4+ Ke6 39. Ke4 g5 40. d5+ cxd5+ 41. cxd5+ Ke7 42. Kd4 h3 43. e4 h2 44. Rh1 Rg2 45. Ke5 g4 46. Rb1 Rg1 47. Rb7+ Kd8 48. Kd6 Kc8 49. Rc7+ Kb8 0-1


[Site "https://www.chess.com"]

[Event "Titled Tuesday Blitz April 4 Late 2023"]
[White "Przybylski, Wojciech"]
[Black "Costachi, Mihnea"]
[WhiteFideId "1117599"]
[BlackFideId "1217518"]
[WhiteElo "2222"]
[BlackElo "2456"]
[Result "1-0"]
[Round "05"]
[TimeControl "180+2"]
[Date "2023.04.04"]
[WhiteClock "0:00:05"]
[BlackClock "0:00:12"]

1. e4 e5 2. Nf3 Nc6 3. Bb5 a6 4. Ba4 d6 5. h3 Bd7 6. c3 g6 7. O-O Bg7 8. Re1 Nf6 9. d3 O-O 10. Nbd2 b5 11. Bb3 Na5 12. Bc2 c5 13. d4 Re8 14. Nf1 cxd4 15. cxd4 Qc7 16. Bd3 Rac8 17. d5 Nc4 18. b3 Nb6 19. Bd2 Qb8 20. Ba5 Nh5 21. Ne3 Nf4 22. Bf1 f5 23. Nd2 Rf8 24. g3 Nh5 25. exf5 Nf6 26. fxg6 hxg6 27. Bg2 Qb7 28. Ne4 Nxe4 29. Bxe4 Bf5 30. Qd3 Bxe4 31. Qxe4 Kh7 32. Qh4+ Kg8 33. Qe4 Kh7 34. h4 Bh6 35. h5 Rg8 36. Ng4 Rcf8 37. Nxh6 Kxh6 38. Qe3+ Kh7 39. Qxb6 Qf7 40. h6 Kxh6 41. Re4 Kg7 42. Qe3 Rh8 43. Rd1 Qf5 44. g4 Qf6 45. Qg3 g5 46. Kg2 Qg6 47. Rde1 Rh4 48. R4e3 Rfh8 49. Kf1 Qc2 50. Rf3 Rh1+ 51. Kg2 Rxe1 52. Bxe1 Qe4 53. Bd2 Qxd5 54. Bxg5 Qd1 55. Bf6+ Kg6 56. Bxh8 e4 57. Rf6+ Kh7 58. Qh4+ Kg8 59. Qg5+ Kxh8 60. Qh6+ Kg8 61. Rf8# 1-0


[Site "https://www.chess.com"]

[Event "Titled Tuesday Blitz April 4 Late 2023"]
[White "Bilych, Olexiy"]
[Black "Papayan, Oleg"]
[WhiteFideId "14156504"]
[BlackFideId "4193911"]
[WhiteElo "2320"]
[BlackElo "2153"]
[Result "1-0"]
[Round "05"]
[TimeControl "180+2"]
[Date "2023.04.04"]
[WhiteClock "0:00:41"]
[BlackClock "0:00:01"]

1. d4 Nf6 2. c4 e6 3. Nf3 d5 4. Nc3 c5 5. cxd5 Nxd5 6. e4 Nxc3 7. bxc3 cxd4 8. cxd4 Bb4+ 9. Bd2 Bxd2+ 10. Qxd2 O-O 11. Bd3 Nc6 12. e5 b6 13. O-O Bb7 14. Rad1 a5 15. Rfe1 Nb4 16. Bb1 Bxf3 17. gxf3 Qh4 18. Kh1 Rad8 19. Rg1 Rd7 20. Rg4 Qh5 21. Rdg1 g6 22. Qf4 Rfd8 23. Rh4 Rxd4 24. Be4 Rxe4 25. fxe4 Qe2 26. Rxh7 Rd7 27. Rh3 Nd3 28. Qf3 Nxf2+ 29. Kg2 Qxf3+ 30. Rxf3 Nxe4 31. Rb1 Rd2+ 32. Kg1 Rxa2 33. Rxb6 Ng5 34. Rg3 Ne4 35. Re3 Ng5 36. h4 Nh7 37. Rf3 a4 38. Rb7 g5 39. Rfxf7 gxh4 40. Rg7+ 1-0


[Site "https://www.chess.com"]

[Event "Titled Tuesday Blitz April 4 Late 2023"]
[White "Makaraci, Tunahan"]
[Black "Weetik, Vjacheslav"]
[WhiteFideId "6356559"]
[BlackFideId "4153472"]
[WhiteElo "2160"]
[BlackElo "2469"]
[Result "1-0"]
[Round "05"]
[TimeControl "180+2"]
[Date "2023.04.04"]
[WhiteClock "0:00:17"]
[BlackClock "0:00:05"]

1. e4 c5 2. c3 e6 3. Nf3 d5 4. exd5 exd5 5. d4 Nf6 6. Bg5 cxd4 7. Nxd4 Bd6 8. Bb5+ Kf8 9. O-O a6 10. Bd3 Nc6 11. Nf5 Bxf5 12. Bxf5 h6 13. Bh4 g6 14. Bc2 Be7 15. Nd2 Kg7 16. Nf3 Qb6 17. Re1 Rhe8 18. Bb3 Rad8 19. Nd4 Nxd4 20. cxd4 g5 21. Bg3 Ne4 22. Qh5 Bf6 23. Rad1 Bxd4 24. Qf3 Nxg3 25. hxg3 Bxb2 26. Rxe8 Rxe8 27. Bxd5 Qf6 28. Bxb7 a5 29. Qb3 1-0


[Site "https://www.chess.com"]

[Event "Titled Tuesday Blitz April 4 Late 2023"]
[White "Prydun, Andriy"]
[Black "Cuenca Jimenez, Jose Fernando"]
[WhiteFideId "14145898"]
[BlackFideId "2255570"]
[WhiteElo "2164"]
[BlackElo "2429"]
[Result "1-0"]
[Round "05"]
[TimeControl "180+2"]
[Date "2023.04.04"]
[WhiteClock "0:00:12"]
[BlackClock "0:00:05"]

1. e4 d6 2. d4 Nf6 3. Nc3 e5 4. Nge2 Be7 5. Rg1 O-O 6. d5 c6 7. h3 cxd5 8. exd5 a6 9. a4 Ne8 10. a5 f5 11. Be3 Bg5 12. Qd2 Bxe3 13. Qxe3 Nf6 14. Nc1 Nbd7 15. Nb3 Kh8 16. O-O-O b6 17. g4 f4 18. Qe1 bxa5 19. Na4 Nb6 20. Qxa5 Nxa4 21. Qxa4 a5 22. g5 Ng8 23. Bb5 Qb6 24. f3 Ne7 25. c4 Nf5 26. Nd2 Ne3 27. Rde1 Bf5 28. Qa3 Nc2 29. Qc3 Nxe1 30. Rxe1 Rac8 31. h4 Rc7 32. Kd1 Rfc8 33. Ke2 Ra7 34. Ra1 a4 35. Rxa4 Rxa4 36. Bxa4 Qg1 37. Bc2 Qg2+ 38. Ke1 Qg1+ 39. Ke2 Bxc2 40. Qxc2 Qe3+ 41. Kd1 Ra8 42. Qe4 Qxe4 43. Nxe4 Ra6 44. b4 Kg8 45. c5 dxc5 46. bxc5 Kf7 47. c6 Ke7 48. d6+ Kd8 49. c7+ Kc8 50. Kc2 Ra5 51. Kc3 Kd7 52. Kc4 h6 53. Nc5+ Kc8 54. Kd5 Rb5 55. Kc6 Rxc5+ 56. Kxc5 Kd7 57. Kd5 e4 58. Kxe4 h5 59. Kxf4 g6 60. Ke5 Kc8 61. Kf6 Kd7 62. Kxg6 Kc8 63. Kxh5 Kd7 64. g6 Kc8 65. g7 Kd7 66. g8=Q Kc6 67. Qc4+ Kd7 68. c8=Q+ Kxd6 69. Q8c7# 1-0


[Site "https://www.chess.com"]

[Event "Titled Tuesday Blitz April 4 Late 2023"]
[White "Baglan, Esat"]
[Black "Romero Pallares, Daniel"]
[WhiteFideId "6309216"]
[BlackFideId "32025637"]
[WhiteElo "2231"]
[BlackElo "2195"]
[Result "1-0"]
[Round "05"]
[TimeControl "180+2"]
[Date "2023.04.04"]
[WhiteClock "0:00:44"]
[BlackClock "0:00:01"]

1. d4 c5 2. d5 e5 3. Nc3 d6 4. e4 a6 5. a4 Be7 6. Nf3 Bg4 7. Be2 Bxf3 8. Bxf3 Bg5 9. O-O Bxc1 10. Qxc1 Nf6 11. a5 Nbd7 12. Qd2 O-O 13. Na4 g6 14. Rfc1 Kg7 15. b4 Qc7 16. c4 Rfc8 17. h4 h5 18. g3 cxb4 19. Qxb4 Nc5 20. Nc3 Nd3 21. Qa3 Nxc1 22. Rxc1 Qxc4 23. Qxd6 Qd3 24. Qxe5 Qxf3 25. d6 Kg8 26. Rc2 Qd3 27. Qxf6 Qxc2 28. Nd5 Re8 29. d7 Qxe4 30. Qd6 Qe1+ 31. Kg2 Qe4+ 32. Kh2 Qe6 33. Nf6+ Kh8 34. Qd4 Kg7 35. Nxe8+ Kf8 36. Nc7 1-0


[Site "https://www.chess.com"]

[Event "Titled Tuesday Blitz April 4 Late 2023"]
[White "Danielyan, Vahe"]
[Black "Jovic, Stanoje"]
[WhiteFideId "13304828"]
[BlackFideId "905020"]
[WhiteElo "2423"]
[BlackElo "2236"]
[Result "1-0"]
[Round "05"]
[TimeControl "180+2"]
[Date "2023.04.04"]
[WhiteClock "0:01:11"]
[BlackClock "0:00:22"]

1. d4 Nf6 2. c4 e6 3. Nc3 Bb4 4. Bf4 O-O 5. Qb3 a5 6. Nf3 d5 7. e3 Ne4 8. Bd3 c5 9. O-O Bxc3 10. bxc3 f5 11. cxd5 exd5 12. c4 a4 13. Qc2 Nc6 14. a3 cxd4 15. cxd5 Ne7 16. d6 Ng6 17. Bc4+ Kh8 18. Ne5 Nxf4 19. exf4 Qxd6 20. Rad1 Be6 21. Bxe6 Qxe6 22. Rxd4 b5 23. Rfd1 Qb3 24. Qc7 Rac8 25. Qxc8 Qxd1+ 26. Rxd1 Rxc8 27. f3 Nc3 28. Rd7 b4 29. axb4 Ra8 30. Nc4 h6 31. Na3 Re8 32. Rd3 Ne2+ 33. Kf2 Nxf4 34. Rd4 Re2+ 35. Kf1 Ra2 36. Nc4 Nxg2 37. b5 f4 38. b6 Ne3+ 39. Nxe3 fxe3 40. b7 1-0


[Site "https://www.chess.com"]

[Event "Titled Tuesday Blitz April 4 Late 2023"]
[White "liwadas82"]
[Black "Sieciechowicz, Marcin"]
[BlackFideId "1130170"]
[WhiteElo "2466"]
[BlackElo "2302"]
[Result "1/2-1/2"]
[Round "05"]
[TimeControl "180+2"]
[Date "2023.04.04"]
[WhiteClock "0:00:18"]
[BlackClock "0:00:25"]

1. e4 e6 2. d4 d5 3. Nd2 c5 4. Ngf3 cxd4 5. exd5 Qxd5 6. Bc4 Qd6 7. O-O Nf6 8. Nb3 Nc6 9. Nbxd4 Nxd4 10. Qxd4 Qxd4 11. Nxd4 Bd7 12. Be2 O-O-O 13. Nb3 e5 14. Be3 Kb8 15. Rfd1 Be7 16. Bf3 Bg4 17. Bxg4 Nxg4 18. Bc5 Bxc5 19. Nxc5 Kc7 20. h3 Nf6 21. Kf1 b6 22. Nd3 Rd5 23. Ke2 Rhd8 24. c4 Rd4 25. c5 Nd5 26. cxb6+ Kxb6 27. g3 f6 28. f3 e4 29. Nf2 exf3+ 30. Kxf3 Nb4 31. Rxd4 Rxd4 32. a3 Nc6 33. Rd1 Kc5 34. b4+ Kd5 35. Rc1 Ne5+ 36. Ke2 Nc4 37. Nd3 Nxa3 38. Rc5+ Kd6 39. Ra5 Nc2 40. Rxa7 Nxb4 41. Nxb4 Rxb4 42. Rxg7 h5 43. Rh7 h4 44. Rxh4 Rxh4 45. gxh4 Ke6 46. Kf3 Kf7 47. Kg4 Kg7 48. Kf5 Kh8 49. Kxf6 Kh7 50. Kg5 Kh8 51. h5 Kh7 52. h6 Kh8 53. Kg6 Kg8 54. h4 Kh8 55. h5 Kg8 56. h7+ Kh8 57. h6 1/2-1/2


[Site "https://www.chess.com"]

[Event "Titled Tuesday Blitz April 4 Late 2023"]
[White "Olsson, William"]
[Black "Averjanov, Alexey"]
[WhiteFideId "1741721"]
[BlackFideId "14109867"]
[WhiteElo "2197"]
[BlackElo "2645"]
[Result "1/2-1/2"]
[Round "05"]
[TimeControl "180+2"]
[Date "2023.04.04"]
[WhiteClock "0:00:36"]
[BlackClock "0:01:50"]

1. c4 c5 2. g3 Nc6 3. Bg2 g6 4. Nc3 Bg7 5. a3 e6 6. b4 Nxb4 7. axb4 cxb4 8. d4 bxc3 9. Nf3 Ne7 10. Ba3 O-O 11. O-O d5 12. c5 Nf5 13. e3 Re8 14. Qc2 b6 15. Qxc3 bxc5 16. Bxc5 a6 17. Rfb1 Bd7 18. Bf1 Qc8 19. Rb6 Bb5 20. Bxb5 axb5 21. Rxa8 Qxa8 22. Rxb5 Rb8 23. Rxb8+ Qxb8 24. Qb4 Qxb4 25. Bxb4 f6 26. Kf1 Kf7 27. Ke2 Bf8 28. Bxf8 Kxf8 29. Ne1 Ke7 30. Nd3 Kd6 31. g4 Ne7 32. f4 Nc6 33. h3 e5 34. fxe5+ fxe5 35. dxe5+ Nxe5 36. Nxe5 Kxe5 37. h4 Ke4 38. Kf2 h6 39. Ke2 d4 40. exd4 Kxd4 41. Kf3 g5 42. hxg5 hxg5 43. Kf2 Ke4 44. Kg3 Ke3 45. Kh2 Kf2 46. Kh1 Kg3 47. Kg1 Kh3 48. Kh1 Kxg4 49. Kg2 Kf4 50. Kf2 Kg4 51. Kg2 Kf4 52. Kf2 g4 53. Kg2 Kf5 54. Kg3 Kg5 55. Kg2 Kf4 56. Kf2 g3+ 57. Kg2 Kg4 58. Kg1 Kh3 59. Kh1 Kh4 60. Kg1 Kg4 61. Kg2 Kf4 62. Kg1 Kf3 63. Kf1 Ke3 64. Kg2 Kf4 65. Kg1 Kf3 66. Kf1 g2+ 67. Kg1 Kg3 1/2-1/2


[Site "https://www.chess.com"]

[Event "Titled Tuesday Blitz April 4 Late 2023"]
[White "Domingo Nunez, Ruben"]
[Black "Santos Flores, Alberto"]
[WhiteFideId "22245570"]
[BlackFideId "3601234"]
[WhiteElo "2404"]
[BlackElo "2235"]
[Result "0-1"]
[Round "05"]
[TimeControl "180+2"]
[Date "2023.04.04"]
[WhiteClock "0:00:13"]
[BlackClock "0:01:29"]

1. b3 d5 2. Bb2 Bf5 3. Nf3 h6 4. e3 e6 5. c4 c6 6. Be2 Nf6 7. O-O Nbd7 8. h3 Be7 9. Nc3 O-O 10. Rc1 Bh7 11. d4 a5 12. Na4 Ne4 13. Ne5 Nxe5 14. dxe5 Rb8 15. c5 f6 16. Bd3 Qc7 17. f4 Bd8 18. Bd4 Qe7 19. Nc3 Nxc3 20. Rxc3 Bc7 21. Bxh7+ Kxh7 22. Rc2 fxe5 23. fxe5 Rxf1+ 24. Qxf1 Rf8 25. Qd3+ Kh8 26. Qg6 Qf7 27. Qg4 Qf5 28. Qg3 Qxc2 0-1


[Site "https://www.chess.com"]

[Event "Titled Tuesday Blitz April 4 Late 2023"]
[White "Goltseva, Ekaterina"]
[Black "Sokolovsky, Yahli"]
[WhiteFideId "24173770"]
[BlackFideId "2820242"]
[WhiteElo "2200"]
[BlackElo "2316"]
[Result "1-0"]
[Round "05"]
[TimeControl "180+2"]
[Date "2023.04.04"]
[WhiteClock "0:00:06"]
[BlackClock "0:01:33"]

1. d4 d5 2. c4 c6 3. cxd5 cxd5 4. Bf4 Nf6 5. Nc3 e6 6. e3 Bd6 7. Bxd6 Qxd6 8. f4 O-O 9. Nf3 b6 10. Bd3 Ba6 11. O-O Ne4 12. Nxe4 dxe4 13. Bxe4 Nd7 14. Rf2 Rac8 15. Rc1 Nf6 16. Bb1 Ng4 17. Rxc8 Rxc8 18. Rc2 Rd8 19. Rc3 Qb4 20. Qc2 Nf6 21. Ne5 g6 22. Nc6 Qd6 23. Nxd8 Qxd8 24. Ra3 Bb7 25. Rxa7 Qd5 26. Ra3 Ne4 27. Qxe4 Qh5 28. Qd3 Qg4 29. Qd2 h5 30. Ra7 Bd5 31. e4 Bc4 32. Rc7 b5 33. b3 h4 34. bxc4 h3 35. Bc2 hxg2 36. Bd1 Qh4 37. Qf2 Qh3 38. Rc8+ Kg7 39. Qg3 Qh6 40. Kxg2 bxc4 41. Bf3 e5 42. Qg5 c3 43. Qxh6+ Kxh6 44. fxe5 1-0


[Site "https://www.chess.com"]

[Event "Titled Tuesday Blitz April 4 Late 2023"]
[White "Vlassov, Nikolai"]
[Black "QuiesPrecatio"]
[WhiteFideId "4103360"]
[WhiteElo "2324"]
[BlackElo "2459"]
[Result "1-0"]
[Round "05"]
[TimeControl "180+2"]
[Date "2023.04.04"]
[WhiteClock "0:01:07"]
[BlackClock "0:00:03"]

1. e4 c6 2. d4 d5 3. e5 Bf5 4. Nc3 e6 5. g4 Bg6 6. Nge2 h5 7. Nf4 Bh7 8. Nxh5 c5 9. dxc5 Nc6 10. Bb5 Bxc5 11. Bxc6+ bxc6 12. Nxg7+ Kf8 13. Nh5 Qb6 14. O-O Bg6 15. Na4 Qb4 16. Nxc5 Qxc5 17. Nf4 Ne7 18. Be3 Qc4 19. Qd4 Qxd4 20. Bxd4 Kg7 21. Bc5 Nc8 22. Nxg6 fxg6 23. Kg2 Nb6 24. b3 Nd7 25. Bd6 g5 26. f4 Rh4 27. h3 Rah8 28. Rf3 gxf4 29. Rh1 Nf8 30. Rxf4 Ng6 31. Rf6 R4h6 32. Kg3 a6 33. Rxe6 Rxh3+ 34. Rxh3 Rxh3+ 35. Kxh3 Nf4+ 36. Kg3 Nxe6 37. c4 Kg6 38. cxd5 cxd5 39. a4 d4 40. b4 d3 41. Kf3 d2 42. Ke2 Kg5 43. Kxd2 Kxg4 44. b5 axb5 45. a5 Kf5 46. a6 Nd4 47. a7 Nb3+ 48. Kc3 Na5 49. a8=Q Nc4 50. Qc8+ 1-0


[Site "https://www.chess.com"]

[Event "Titled Tuesday Blitz April 4 Late 2023"]
[White "Rizzo, Tobias"]
[Black "Papp, Levente"]
[WhiteFideId "30942691"]
[BlackFideId "751243"]
[WhiteElo "2459"]
[BlackElo "2380"]
[Result "0-1"]
[Round "05"]
[TimeControl "180+2"]
[Date "2023.04.04"]
[WhiteClock "0:00:02"]
[BlackClock "0:00:03"]

1. d4 Nf6 2. Bg5 Ne4 3. h4 c5 4. d5 Qb6 5. Nd2 Nxd2 6. Bxd2 e5 7. e4 d6 8. Bc3 f5 9. Bd3 f4 10. h5 Qd8 11. a4 Qg5 12. Kf1 Bg4 13. Nf3 Qd8 14. Be2 Nd7 15. Nd2 Bxe2+ 16. Qxe2 a6 17. a5 b5 18. axb6 Qxb6 19. Ba5 Qb7 20. Nc4 Nf6 21. g3 fxg3 22. fxg3 Be7 23. Kg2 O-O 24. Rhf1 Rf7 25. Bc3 Raf8 26. Rf2 Nxd5 27. Rxf7 Rxf7 28. exd5 Qxd5+ 29. Kh2 e4 30. Ne3 Qg5 31. Rf1 Rxf1 32. Nxf1 d5 33. Bd2 Qf6 34. c3 Qe6 35. Kg2 d4 36. cxd4 cxd4 37. g4 e3 38. Be1 Bd6 39. Bg3 Be7 40. Bf4 h6 41. Nh2 Qd5+ 42. Nf3 Bc5 43. Qd3 Qe6 44. Kg3 e2 45. Ne1 Bb4 46. Bd2 Bd6+ 47. Kh3 Qe5 48. Nf3 Qg3# 0-1


[Site "https://www.chess.com"]

[Event "Titled Tuesday Blitz April 4 Late 2023"]
[White "Ehlvest, Jaan"]
[Black "Dzida, Kamil"]
[WhiteFideId "4500016"]
[BlackFideId "21828652"]
[WhiteElo "2442"]
[BlackElo "2139"]
[Result "1-0"]
[Round "05"]
[TimeControl "180+2"]
[Date "2023.04.04"]
[WhiteClock "0:00:30"]
[BlackClock "0:00:09"]

1. f4 Nf6 2. Nf3 d5 3. g3 g6 4. Bg2 Bg7 5. O-O O-O 6. d3 Nc6 7. Qe1 Qd6 8. Nc3 a6 9. e4 e5 10. fxe5 Nxe5 11. Nxe5 Qxe5 12. Bf4 Qd4+ 13. Be3 Qb4 14. Nxd5 Nxd5 15. exd5 Qxb2 16. Qf2 Bd7 17. Rab1 Qxa2 18. Rxb7 Rac8 19. d6 Ba4 20. c4 Qxf2+ 21. Rxf2 cxd6 22. Bd5 Bc6 23. Rfxf7 Rxf7 24. Bxf7+ Kf8 25. Ra7 Ra8 26. Rc7 a5 27. c5 d5 28. Be6 Be8 29. Bf4 Bd4+ 30. Kg2 Ra6 31. Bh6+ 1-0


[Site "https://www.chess.com"]

[Event "Titled Tuesday Blitz April 4 Late 2023"]
[White "Urbina Perez, Juan Antonio"]
[Black "Poliakova, Varvara"]
[WhiteFideId "2217368"]
[BlackFideId "13518313"]
[WhiteElo "2197"]
[BlackElo "2075"]
[Result "1/2-1/2"]
[Round "05"]
[TimeControl "180+2"]
[Date "2023.04.04"]
[WhiteClock "0:00:31"]
[BlackClock "0:00:23"]

1. c4 e5 2. Nc3 Nf6 3. d3 d5 4. cxd5 Nxd5 5. Nf3 Nc6 6. g3 Nb6 7. Bg2 Be7 8. O-O Be6 9. Be3 f6 10. a3 a5 11. Rc1 O-O 12. d4 exd4 13. Nxd4 Nxd4 14. Qxd4 Qxd4 15. Bxd4 c5 16. Be3 Nc4 17. Nb5 Nxe3 18. fxe3 Bd7 19. Nc3 Bc6 20. Bxc6 bxc6 21. Na4 Rab8 22. Rc3 Rfd8 23. Rfc1 Rd2 24. R1c2 Rxc2 25. Rxc2 Rb5 26. Kf2 Kf7 27. Nc3 Rb7 28. Na4 Rb5 29. Nc3 Rb3 30. Na4 h5 31. Nxc5 Bxc5 32. Rxc5 Rxb2 33. Rxa5 Rb3 34. Rc5 h4 35. gxh4 Rxa3 36. Rxc6 Ra1 37. Rc4 Kg6 38. Rg4+ Kh6 39. e4 Ra5 40. h3 Re5 41. Kf3 Ra5 42. Kf4 g6 43. Kf3 Ra3+ 44. e3 Ra5 45. Rf4 Kg7 46. Kg4 Ra1 47. Kf3 Rh1 48. Kg2 Re1 49. Kf2 Ra1 50. e5 fxe5 51. Rg4 Kf6 52. Kf3 Rh1 53. Kg2 Ra1 54. Kf2 Kf5 55. Rg5+ Ke4 56. Rg4+ Kd3 57. Rxg6 Ra2+ 58. Kf3 e4+ 59. Kf4 Rf2+ 60. Kg3 Kxe3 61. Rd6 Ke2 62. h5 e3 63. Kg4 Rf7 64. h6 Kf2 65. Re6 Ra7 66. Kg5 e2 67. h4 e1=Q 68. Rxe1 Kxe1 69. Kg6 Ra8 70. h7 Ke2 71. h5 Kf3 72. Kg7 Kg4 73. h8=Q Rxh8 74. Kxh8 Kxh5 1/2-1/2


[Site "https://www.chess.com"]

[Event "Titled Tuesday Blitz April 4 Late 2023"]
[White "Munoz, Francisco Javier"]
[Black "Moral Garcia, Serafin"]
[WhiteFideId "128368"]
[BlackFideId "2201925"]
[WhiteElo "2383"]
[BlackElo "2274"]
[Result "0-1"]
[Round "05"]
[TimeControl "180+2"]
[Date "2023.04.04"]
[WhiteClock "0:00:01"]
[BlackClock "0:00:55"]

1. e4 c5 2. Nc3 e6 3. b3 Nc6 4. Bb2 d5 5. Bb5 Nf6 6. Bxc6+ bxc6 7. d3 Rb8 8. Nge2 c4 9. dxc4 dxe4 10. Qxd8+ Kxd8 11. Ng3 Bb4 12. O-O-O+ Ke7 13. Ncxe4 Nxe4 14. Nxe4 Rg8 15. c5 f5 16. Be5 Rb5 17. Bd6+ Kf7 18. Ng5+ Kg6 19. Nf3 Bxc5 20. a4 Ra5 21. Ne5+ Kf6 22. Nc4 Bxd6 23. Nxa5 Bf4+ 24. Kb1 c5 25. g3 Be5 26. f4 Bd4 27. Rhe1 Bc3 28. Nc4 Bxe1 29. Rxe1 Rd8 30. Kb2 h6 31. Kc3 g5 32. Re5 Rd5 33. Rxd5 exd5 34. Ne5 Be6 35. b4 d4+ 36. Kd2 cxb4 37. Kd3 a5 38. Kxd4 b3 39. Kc3 bxc2 40. Kxc2 Bd5 41. Kc3 gxf4 42. gxf4 Ke6 43. Nc4 Bc6 44. Kb3 Bd5 45. Kc3 Bc6 46. Nxa5 Bxa4 47. Kd4 Bb5 48. Nb3 Kd6 49. Nc5 Bc6 50. Nd3 Be4 51. Ne5 Ke6 52. Kc5 Bg2 53. Kd4 Bh1 54. Nd3 Kd6 55. Nb2 Bd5 56. Nd1 Be4 57. Ne3 Ke6 58. Kc5 Bd3 59. Kc6 Be4+ 60. Kc7 Bd3 61. Kd8 Kd6 62. Ke8 Kc5 63. Kf7 Kd4 64. Nd1 Be2 65. Nb2 Ke3 66. Kg6 Kxf4 67. Kxh6 Ke3 68. Kg5 f4 69. h4 f3 70. h5 f2 71. h6 f1=Q 72. h7 Qf8 73. Kg6 Bd3+ 74. Nxd3 Kxd3 0-1


[Site "https://www.chess.com"]